 Dungeon Crawl Stone Soup version 0.28.0-1-gb440e238dd (webtiles) character file.

Game seed: 3628807350773867275

30 Zeld the Chiller (level 3, -3/24 HPs)
             Began as a Merfolk Ice Elementalist on Feb 22, 2022.
             Slain by a gnoll (9 damage)
             ... on level 1 of the Dungeon.
             The game lasted 00:02:24 (1335 turns).

Zeld the Chiller (Merfolk Ice Elementalist)         Turns: 1335, Time: 00:02:25

Health: -3/24      AC:  2    Str:  8    XL:     3   Next: 20%
Magic:  2/6        EV: 13    Int: 16    God:
Gold:   57         SH:  0    Dex: 14    Spells: 2/6 levels left

rFire   . . .      SeeInvis .   (no weapon)
rCold   . . .      Faith    .   (no shield)
rNeg    . . .      Spirit   .   a - +0 robe
rPois   .          Reflect  .   (no helmet)
rElec   .          Harm     .   (no cloak)
rCorr   .          Rampage  .   (no gloves)
Will    .....                   (no boots)
Stlth   ++........              (no amulet)
HPRegen 0.08/turn               (no ring)
MPRegen 0.10/turn               (no ring)

@: no status effects
A: (nimble swimmer 2), mertail
a: no special abilities


You were on level 1 of the Dungeon.
You visited 1 branch of the dungeon, and saw 1 of its levels.

You collected 57 gold pieces.

Inventory:

Armour
 a - a +0 robe (worn)
Scrolls
 c - 2 scrolls of magic mapping {unknown}
Potions
 b - a potion of berserk rage {unknown}


   Skills:
 + Level 3.2 Dodging
 + Level 2.5 Stealth
 * Level 2.4 Spellcasting
 * Level 4.8 Ice Magic


You had 2 spell levels left.
You knew the following spells:

 Your Spells              Type           Power      Damage    Failure   Level
a - Freeze                Ice            68%        1d8       2%          1
b - Frozen Ramparts       Ice            34%        1d5       9%          3

Your spell library contained the following spells:

 Spells                   Type           Power      Damage    Failure   Level
 Ozocubu's Armour         Ice            17%        N/A       9%          3
 Hailstorm                Conj/Ice       9%         3d4       58%         4


Dungeon Overview and Level Annotations

Branches:
Dungeon (1/15)

Altars:


Innate Abilities, Weirdness & Mutations

((You are very nimble when in or above water. (Stealth+, EV+, Speed+++)))
Your lower body shifts to a powerful aquatic tail in water.


Message History

Confirm with . or Enter, or press ? or * to list all spells.
Aiming: Freeze (safe; 2% risk of failure)
Press: ? - help, Shift-Dir - straight line, f - rat
Aim: a rat You freeze the rat.
The rat is heavily wounded.
The gnoll shouts!
You hear an angry hiss.
The rat bites you.
You hit the rat.
You kill the rat!
Unknown command.
A ball python comes into view.
The gnoll hits you with a +0 whip.
Casting: Freeze (safe; 2% risk of failure)
Confirm with . or Enter, or press ? or * to list all spells.
Aiming: Freeze (safe; 2% risk of failure)
Press: ? - help, Shift-Dir - straight line, f - gnoll
Aim: a gnoll, wielding a +0 whip You freeze the gnoll.
The gnoll is lightly wounded.
The ball python hisses angrily.
The gnoll hits you with a +0 whip.
Casting: Freeze (safe; 2% risk of failure)
Confirm with . or Enter, or press ? or * to list all spells.
Aiming: Freeze (safe; 2% risk of failure)
Press: ? - help, Shift-Dir - straight line, f/p - gnoll
Aim: a gnoll, wielding a +0 whip (lightly wounded)
You freeze the gnoll.
The gnoll is moderately wounded.
The gnoll hits you with a +0 whip!
* * * LOW HITPOINT WARNING * * *
Casting: Freeze (safe; 2% risk of failure)
Confirm with . or Enter, or press ? or * to list all spells.
Aiming: Freeze (safe; 2% risk of failure)
Press: ? - help, Shift-Dir - straight line, f/p - gnoll
Aim: a gnoll, wielding a +0 whip (lightly wounded)
You freeze the gnoll.
The gnoll is moderately wounded.
The gnoll hits you with a +0 whip!
You die...

>................#
...#.....#.......#
#.....######..######
#...##### ##.##...##
#... ##....#..## #..
###...####..#### #.
###...#..# ##.....
#....#####.).####.#
#..... ......Sg@###
#...###.#...
.#...#.##
#...#...##.. ### #†#
#.......###. ...
#....###.##. #....
#...###.#. #.....
#....###.# #......
#.......#< #......#
#....###.# #......#
#...###.#.


You could see a gnoll and a ball python.

Vanquished Creatures
  2 ball pythons (D:1)
  2 endoplasms (D:1)
  3 giant cockroaches (D:1)
  2 goblins (D:1)
  4 hobgoblins (D:1)
  2 jackals (D:1)
  2 kobolds (D:1)
  2 quokkas (D:1)
  2 bats (D:1)
  A frilled lizard (D:1)
  5 rats (D:1)
27 creatures vanquished.

Notes
Turn   | Place    | Note
-------+----------+-------------------------------------------
     0 | D:1      | Zeld the Merfolk Ice Elementalist began the quest for the
                  | Orb.
     0 | D:1      | Reached XP level 1. HP: 13/13 MP: 3/3
   298 | D:1      | Reached XP level 2. HP: 8/19 MP: 0/5
  1088 | D:1      | Found a faded altar of an unknown god.
  1197 | D:1      | Reached XP level 3. HP: 22/24 MP: 4/6
  1205 | D:1      | Learned a level 3 spell: Frozen Ramparts
  1335 | D:1      | Slain by a gnoll

Illustrated notes

Levels and vault maps discovered:
D:1:      roderic_crossed_star, layout_basic, basic_ecumenical_altar

Skill      XL: |  1  2 |
---------------+-------+-----
Dodging        | 3 |  3.2
Stealth        | |  2.5
Spellcasting   | |  2.4
Ice Magic      | |  4.8

Action                   || total
-------------------------++-------
Melee: Unarmed           ||    11
       Punch             ||     1
 Cast: Freeze            ||    41
Armor: Robe              ||    15
Dodge: Dodged            ||    23
